 Dungeon Crawl Stone Soup version 0.20.1-1-g8b1a95d (webtiles) character file.

364 Giltor the Sneak (level 6, -8/28 HPs)
             Began as a Spriggan Enchanter on July 12, 2017.
             Mangled by a gnoll
             ... wielding a +0 halberd
              (13 damage)
             ... on level 4 of the Dungeon.
             The game lasted 01:00:08 (3616 turns).

Giltor the Sneak (Spriggan Enchanter)               Turns: 3616, Time: 01:00:08

Health: -8/28      AC:  3    Str:  6    XL:     6   Next: 39%
Magic:  4/11       EV: 18    Int: 16    God:    Xom [....*.]
Gold:   155        SH:  0    Dex: 17    Spells: 5/11 levels left

rFire    . . .     SeeInvis +   g - +2 falchion (holy)
rCold    . . .     Gourm    .   (shield restricted)
rNeg     . . .     Faith    .   b - +1 robe
rPois    .         Spirit   .   (helmet restricted)
rElec    .         Reflect  .   (no cloak)
rCorr    .         Harm     .   (gloves unavailable)
MR       +....                  (boots unavailable)
Stlth    ++++......             (no amulet)
Regen    0.1/turn               d - ring of flight
MPRegen  0.2/turn               (no ring)

@: very quick
A: unfitting armour, see invisible, herbivore 3, speed 3, slow metabolism 2
a: Renounce Religion, Evoke Flight


You were on level 4 of the Dungeon.
You worshipped Xom.
You were a beloved toy of Xom.
You were very full.

You visited 1 branch of the dungeon, and saw 4 of its levels.

You collected 155 gold pieces.

Inventory:

Hand Weapons
 a - a +1 dagger
 g - a +2 falchion of holy wrath (weapon)
 r - a +2 scythe of venom
Armour
 b - a +1 robe (worn)
Jewellery
 d - a ring of flight (left hand)
 o - an uncursed amulet of inaccuracy
Wands
 l - a wand of random effects (1/48)
 q - a wand of random effects (27/48)
Scrolls
 e - a scroll of teleportation
 f - 3 scrolls of remove curse
Potions
 h - a potion of curing
 i - 2 potions of might {unknown}
 j - a potion of lignification
 m - a potion of brilliance
 n - 2 potions of agility {unknown}
Books
 c - a book of Maledictions

   Spells                             Type                      Level
   a - Corona                         Hexes                        1
   b - Ensorcelled Hibernation        Hexes/Ice                    2
   c - Confuse                        Hexes                        3
   d - Tukima's Dance                 Hexes                        3
   e - Dazzling Spray                 Conjuration/Hexes            3
Comestibles
 p - a royal jelly


   Skills:
 - Level 5.0 Short Blades
 + Level 0.2(2.2) Long Blades
 - Level 3.0 Dodging
 - Level 7.0 Stealth
 * Level 3.2 Spellcasting
 * Level 4.2 Hexes
 - Level 1.1 Ice Magic
 - Level 1.1 Evocations


You had 5 spell levels left.
You knew the following spells:

 Your Spells              Type           Power        Failure   Level  Hunger
a - Corona                Hex            ###....      3%          1    None
b - Ensorcelled Hibernat  Hex/Ice        ##....       9%          2    ##.....
c - Tukima's Dance        Hex            ###.....     10%         3    ###....


Dungeon Overview and Level Annotations

Branches:
Dungeon (4/15)
 Temple: D:4-7

Altars:
Xom


Innate Abilities, Weirdness & Mutations

You are very small and have problems with some larger weapons.
You are too small for most types of armour.
You have supernaturally acute eyesight. (SInv)
You are a herbivore.
You cover ground extremely quickly.
You need consume almost no food.


Message History

You feel better. The gnoll hits you with a club!
* * * LOW HITPOINT WARNING * * *
The gnoll misses you.
Your white imp hits the adder skeleton.
Your white imp freezes the adder skeleton.
The adder skeleton completely resists.
The adder skeleton barely misses your white imp.
The adder skeleton completely misses your white imp.
Your white imp completely misses the gnoll.
Your white imp hits the adder skeleton.
Your white imp freezes the adder skeleton.
The adder skeleton completely resists.
You closely miss the gnoll.
The gnoll is lightly wounded.
The adder skeleton bites your white imp but does no damage.
Your white imp gestures at the gnoll.
The puff of frost hits the gnoll.
Your white imp hits the adder skeleton.
Your white imp freezes the adder skeleton.
The adder skeleton completely resists.
The gnoll hits you from afar with a halberd!
You die...

#..##.......)...
#..##...........
#..###........(.
#Z.##.......... .
##5............. #..
###g....?.........
#..###5g##.............
#...§g####............
##!.§@# ###..........
#......# ##.........
#.......# ##.......
#.......... ##....
#............ #..
..............#
...............
...............


You could see 3 gnolls, an adder skeleton and 2 friendly white imps.

Vanquished Creatures
  Sigmund (D:3)
  A gnoll (D:4)
  3 adders (D:2)
  An ooze (D:2)
  4 dart slugs
  A leopard gecko (D:2)
  5 orcs (D:3)
  10 giant cockroaches
  5 goblins
  6 hobgoblins
  3 quokkas (D:3)
  3 ball pythons
  11 bats
  5 frilled lizards
  9 kobolds
  9 rats
77 creatures vanquished.

Vanquished Creatures (collateral kills)
  A bullfrog (D:4)
  A jelly (D:4)
  A hound skeleton (D:4)
3 creatures vanquished.

Vanquished Creatures (others)
  An orc priest (D:3)
  An orc wizard (D:3)
  2 orcs (D:3)
4 creatures vanquished.

Grand Total: 84 creatures vanquished

Notes
Turn   | Place    | Note
-------+----------+-------------------------------------------
     0 | D:1      | Giltor the Spriggan Enchanter began the quest for the Orb.
     0 | D:1      | Reached XP level 1. HP: 9/9 MP: 5/5
   274 | D:1      | Reached XP level 2. HP: 9/13 MP: 3/6
   283 | D:1      | Learned a level 2 spell: Ensorcelled Hibernation
   479 | D:1      | Reached skill level 5 in Stealth
   968 | D:1      | Reached skill level 1 in Ice Magic
   968 | D:1      | Reached XP level 3. HP: 16/16 MP: 2/8
  1560 | D:2      | Learned a level 3 spell: Tukima's Dance
  1809 | D:2      | Found a shimmering altar of Xom.
  1814 | D:2      | Reached skill level 6 in Stealth
  1892 | D:2      | Became a worshipper of Xom of Chaos
  1951 | D:2      | Reached XP level 4. HP: 21/21 MP: 9/9
  2099 | D:2      | XOM: harmless Chrm miscast
  2409 | D:3      | Reached skill level 7 in Stealth
  2771 | D:3      | Reached skill level 1 in Evocations
  2898 | D:3      | XOM: scenery: create altars
  2915 | D:3      | XOM: medium Tloc miscast
  2916 | D:3      | Noticed a spatial vortex
  3024 | D:3      | Noticed Sigmund
  3029 | D:3      | Killed Sigmund
  3029 | D:3      | Reached XP level 5. HP: 24/24 MP: 7/10
  3029 | D:3      | Reached XP level 6. HP: 28/28 MP: 7/11
  3138 | D:3      | Reached skill level 5 in Short Blades
  3138 | D:3      | XOM: divine lightning
  3405 | D:3      | XOM: god gift: 54 gold pieces
  3602 | D:4      | XOM: summons 2 friendly demons
  3610 | D:4      | XOM: smoke on damage
  3616 | D:4      | Mangled by a gnoll

Skill      XL: |  1  2  3  4  5  6 |
---------------+-------------------+-----
Short Blades   | 2 4 5 |  5.0
Stealth        | 5 6 7 |  7.0
Ice Magic      | 1 |  1.1
Evocations     | 1 |  1.1
Spellcasting   | 3 |  3.2
Hexes          | 4 |  4.2
Long Blades    | |  0.2
Dodging        | |  3.0

Action                   |  1- 3 |  4- 6 || total
-------------------------+-------+-------++-------
Melee: Dagger            |   132 |    98 ||   230
       Falchion          |       |     7 ||     7
 Cast: Corona            |    10 |       ||    10
       Ensorcelled Hiber |    28 |    39 ||    67
Evoke: Wand              |       |     2 ||     2
  Use: Scroll            |     3 |     7 ||    10
       Potion            |       |     1 ||     1
 Stab: Sleeping          |    27 |    28 ||    55
  Eat: Bread ration      |     1 |     1 ||     2
Armor: Robe              |    15 |    11 ||    26
Dodge: Dodged            |   132 |    73 ||   205
       Rpst.: Falchion   |       |     2 ||     2
